 Dungeon Crawl Stone Soup version 0.23-a0-137-gef0ad6d (console) character file.

830 nht the Cutter (level 7, -5/36 HPs)
             Began as a Gargoyle Earth Elementalist on Aug 29, 2018.
             Was an Initiate of Ru.
             Slain by Pikel
             ... wielding a +2 whip of flaming
              (10 damage)
             ... on level 5 of the Dungeon.
             The game lasted 00:10:36 (3543 turns).

nht the Cutter (Gargoyle Earth Elementalist)        Turns: 3543, Time: 00:10:37

Health: -5/36      AC:  7    Str: 11    XL:     7   Next: 97%
Magic:  13/19      EV: 12    Int: 18    God:    Ru [......]
Gold:   174        SH:  0    Dex: 10    Spells: 1/10 levels left

rFire    . . .     SeeInvis .   b - +2 short sword (elec)
rCold    + . .     Gourm    .   (no shield)
rNeg     + . .     Faith    .   c - +0 robe
rPois    ∞         Spirit   .   (no helmet)
rElec    +         Reflect  .   q - +0 cloak
rCorr    .         Harm     .   (no gloves)
MR       .....                  (no boots)
Stlth    ++........             (no amulet)
HPRegen  0.12/turn              n - ring of magical power
MPRegen  0.16/turn              o - ring of protection from cold

@: no status effects
A: negative energy resistance 1, electricity resistance, unbreathing,
petrification resistance, rot immunity, AC +4
a: Renounce Religion


You were on level 5 of the Dungeon.
You worshipped Ru.
Ru was noncommittal.
You were not hungry.

You visited 1 branch of the dungeon, and saw 5 of its levels.

You collected 174 gold pieces.

Inventory:

Hand Weapons
 b - a +2 short sword of electrocution (weapon)
 f - a +0 quarterstaff of protection
 s - a +0 short sword of flaming
Missiles
 h - 46 stones (quivered)
Armour
 c - a +0 robe (worn)
 q - a +0 cloak (worn)
Jewellery
 n - a ring of magical power (left hand)
 o - a ring of protection from cold (right hand)
 v - an uncursed ring of fire
Wands
 i - a wand of flame (14)
Scrolls
 g - 2 scrolls of remove curse
 k - a scroll of teleportation
 r - 2 scrolls of identify
Potions
 a - a potion of heal wounds
 e - 2 potions of agility
 j - 2 potions of flight
 l - a potion of curing
 m - a potion of invisibility
Comestibles
 d - 8 rations
 p - 2 chunks of flesh


   Skills:
 + Level 7.3 Short Blades
 - Level 1.5 Dodging
 - Level 2.1 Stealth
 - Level 2.0 Spellcasting
   Level 0.7 Transmutations
 - Level 5.2 Earth Magic


You had one spell level left.
You knew the following spells:

 Your Spells              Type           Power        Failure   Level  Hunger
a - Sandblast             Erth           ###...       2%          1    #......
b - Stone Arrow           Conj/Erth      ##....       19%         3    ###....
c - Lee's Rapid Deconstr  Erth           ###.......   52%         5    ######.

Your spell library contained the following spells:

 Spells                   Type           Power        Failure   Level  Hunger
 Passwall                 Tmut/Erth      ##......     9%          2    ###....
 Petrify                  Tmut/Erth      ##......     47%         4    #####..


Dungeon Overview and Level Annotations

Branches:
Dungeon (5/15)
 Temple: D:4-7

Altars:
Ashenzari
Fedhas
Gozag
Hepliaklqana
Okawaru
Ru
Uskayaw
Zin

Annotations:
D:4 3 runed doors, Nuz's ghost, novice DEFE
D:5 Pikel


Innate Abilities, Weirdness & Mutations

You are resistant to torment.
Your stone body is resilient. (AC +4)
You are immune to poison.
You resist negative energy. (rN+)
You are resistant to electric shocks. (rElec)
You can survive without breathing.
You are immune to petrification.
You are immune to rotting.


Message History

Okay, then.
Casting: Stone Arrow (safe; 19% risk of failure)
Confirm with . or Enter, or press ? or * to list all spells.
Aiming: Sandblast (safe; 2% risk of failure)
Press: ? - help, Shift-Dir - straight line, f/p - Pikel
Aim: Pikel, wielding a whip of flaming and wearing a robe (almost dead)
The blast of sand hits Pikel.
Pikel is almost dead.
h - 47 stones Pikel barely misses you.
Casting: Sandblast (safe; 2% risk of failure)
Confirm with . or Enter, or press ? or * to list all spells.
Aiming: Sandblast (safe; 2% risk of failure)
Press: ? - help, Shift-Dir - straight line, f/p - Pikel
Aim: Pikel, wielding a whip of flaming and wearing a robe (almost dead)
The blast of sand hits Pikel.
Pikel is almost dead.
h - 46 stones Pikel hits you with a whip of flaming!
You die... ......... ....... ...... ..... ..p█ .█ pp█ $█ █K█

.█ █@██.█ ._... █....█
..... █..).█
...█████.█.███.█
...█..=.<.....█
██+██.⌠█..█████████
█...█.██..........█
█........████████.█
█...█...█.......█.██████


You could see Pikel and 3 slaves.

Vanquished Creatures
  2 phantoms (D:4)
  2 ogres (D:4)
  A scorpion (D:3)
  A howler monkey (D:4)
  3 hounds
  An orc wizard (D:4)
  2 worker ants (D:4)
  A hound skeleton (D:2)
  3 gnolls (D:3)
  10 adders
  An ooze (D:3)
  An adder skeleton (D:4)
  A worm (D:4)
  3 dart slugs
  2 leopard geckos (D:1)
  4 orcs
  4 ball pythons
  7 giant cockroaches
  11 goblins
  6 hobgoblins
  A kobold (D:1)
  2 quokkas
  A ball python skeleton (D:4)
  5 bats
  8 frilled lizards
  A quokka skeleton (D:4)
  7 rats
91 creatures vanquished.

Notes
Turn   | Place    | Note
-------+----------+-------------------------------------------
     0 | D:1      | nht the Gargoyle Earth Elementalist began the quest for the
                  | Orb.
     0 | D:1      | Reached XP level 1. HP: 10/10 MP: 3/3
    64 | D:1      | Reached XP level 2. HP: 15/15 MP: 0/5
   295 | D:1      | Reached skill level 5 in Earth Magic
   295 | D:1      | Reached XP level 3. HP: 13/19 MP: 0/6
   513 | D:1      | Learned a level 3 spell: Stone Arrow
   721 | D:2      | Reached skill level 1 in Short Blades
   887 | D:2      | Reached XP level 4. HP: 17/24 MP: 7/7
   895 | D:2      | Reached skill level 2 in Short Blades
  1487 | D:3      | Reached XP level 5. HP: 16/28 MP: 8/8
  1495 | D:3      | Reached skill level 3 in Short Blades
  1790 | D:3      | Reached skill level 4 in Short Blades
  1971 | D:3      | Reached XP level 6. HP: 32/32 MP: 9/9
  2159 | D:4      | Reached skill level 5 in Short Blades
  2191 | D:4      | Noticed a phantom
  2205 | D:4      | Killed a phantom
  2205 | D:4      | Reached XP level 7. HP: 10/36 MP: 10/10
  2220 | D:4      | Noticed a two-headed ogre
  2259 | D:5      | Entered Level 5 of the Dungeon
  2491 | D:5      | Found a shattered altar of Ashenzari.
  2535 | D:4      | Reached skill level 6 in Short Blades
  2542 | D:4      | Learned a level 5 spell: Lee's Rapid Deconstruction
  2593 | D:4      | Found a runed gate.
  2593 | D:4      | Found a runed gate.
  2595 | D:4      | Found a runed gate.
  2596 | D:4      | Noticed Nuz's ghost (novice DEFE)
  3139 | D:4      | Reached skill level 7 in Short Blades
  3290 | D:4      | Found a glowing silver altar of Zin.
  3307 | D:4      | Found an iron altar of Okawaru.
  3314 | D:4      | Found a hazy altar of Hepliaklqana.
  3321 | D:4      | Found a hide-covered altar of Uskayaw.
  3328 | D:4      | Found a blossoming altar of Fedhas.
  3333 | D:4      | Found an opulent altar of Gozag.
  3344 | D:4      | Found a sacrificial altar of Ru.
  3431 | D:4      | Became a worshipper of Ru the Awakened
  3523 | D:5      | Noticed Pikel
  3543 | D:5      | Slain by Pikel

Vault maps used:
D:1:      lordsloth_arrival_two_stooges, hangedman_feature_mirror, minivault_23,
          roderic_malta_cross
D:4:      grunt_temple_overflow_octagram, first_ration,
          ebering_ghost_rock_garden
D:5:      evilmike_ruin_ashenzari, uniq_pikel

Skill      XL: |  1  2  3  4  5  6  7 |
---------------+----------------------+-----
Earth Magic    | 4 5 |  5.2
Short Blades   | 1 2 4 5 7 |  7.3
Dodging        | |  1.5
Stealth        | |  2.1
Spellcasting   | |  2.0
Transmutations | |  0.7

Action                   |  1- 3 |  4- 6 |  7- 9 || total
-------------------------+-------+-------+-------++-------
Melee: Unarmed           |    26 |       |       ||    26
       Short sword       |    31 |    17 |    35 ||    83
 Cast: Sandblast         |    30 |    65 |    46 ||   141
       Stone Arrow       |     1 |       |     5 ||     6
Evoke: Wand              |       |       |     5 ||     5
  Use: Potion            |       |     3 |     2 ||     5
       Scroll            |       |     5 |     6 ||    11
 Stab: Sleeping          |     2 |       |       ||     2
       Invisible         |       |     2 |       ||     2
  Eat: Chunk             |     1 |     5 |     5 ||    11
Armor: Robe              |    16 |     6 |    17 ||    39
Dodge: Dodged            |    39 |    28 |    28 ||    95

Table legend:
 A = Non-vault XP
 B = Vault XP
 C = Vault XP percentage of total XP
 D = Non-vault monster count
 E = Vault monster count
 F = Vault count percentage of total count
                 A         B        C        D         E       F
            +---------+---------+-------+---------+---------+-------
      Total |    1176 |      10 |   0.8 |      85 |       6 |   6.6
            +---------+---------+-------+---------+---------+-------
        D:1 |      39 |      10 |  20.4 |      19 |       6 |  24.0
        D:2 |      87 |       0 |   0.0 |      20 |       0 |   0.0
        D:3 |     191 |       0 |   0.0 |      20 |       0 |   0.0
        D:4 |     803 |       0 |   0.0 |      24 |       0 |   0.0
        D:5 |      56 |       0 |   0.0 |       2 |       0 |   0.0
            +---------+---------+-------+---------+---------+-------
